 Dungeon Sprint DCSS version 0.30-a0-305-g026cb31310 (webtiles) character file.

Game seed: 3332063545416610297

41024 rocky1 the Warrior (level 14, 0/107 HPs)
             Began as a Gargoyle Fighter on Oct 23, 2022.
             Was the Champion of Cheibriados.
             Slain by an orc knight
             ... wielding a +0 war axe
              (25 damage)
             ... in the Dungeon (Sprint VII: "The Pits").
             The game lasted 00:17:33 (4878 turns).

rocky1 the Warrior (Gargoyle Fighter)               Turns: 4878, Time: 00:17:34

Health: 0/107      AC: 36    Str: 39    XL:     14   Next: 13%
Magic:  27/27      EV: 13    Int: 26    God:    Cheibriados [******]
Gold:   52         SH: 10    Dex: 22    Spells: 27/32 levels left

rFire   . . .      SeeInvis +    u - +2 morningstar (protect)
rCold   + . .      Faith    .    J - +2 buckler
rNeg    + . .      Spirit   .    y - +0 shadow dragon scales
rPois   ∞          Reflect  .    (no helmet)
rElec   +          Harm     .    B - +0 cloak {rCorr}
rCorr   +          Rampage  .    (no gloves)
Will    +....      NoTele   +    (no boots)
Stlth   ++++......               (no amulet)
HPRegen 0.37/turn                c - ring "Eceaj" {Ice Str+3 Dex-4 Slay+5 SInv}
MPRegen 0.20/turn                p - ring of protection from fire

@: under a protective aura, flying, very slow
A: sickness immunity, AC +10, big wings, negative energy resistance 1,
electricity resistance, torment resistance 1, petrification resistance
a: Renounce Religion, Bend Time, Temporal Distortion, Slouch, Step From Time


You were in the Dungeon.
You worshipped Cheibriados.
Cheibriados was exalted by your worship.
You visited 1 branch You collected 52 gold pieces.

Inventory:

Hand Weapons
 o - a +9 broad axe
 t - a +3 antimagic demon whip
 u - a +2 morningstar of protection (weapon)
 w - a +6 vorpal broad axe
Missiles
 x - 3 throwing nets (quivered)
Armour
 v - a +4 chain mail
 y - +0 shadow dragon scales (worn)
 B - a +0 cloak of preservation (worn)
 J - a +2 buckler (worn)
Jewellery
 a - the amulet "Suoro Ocya" {Faith Will- Str+8 Int+2 Slay+2}
   (You took it off a deep elf death mage in the Dungeon)

   [amulet of faith]

   It allows you to gain divine favour quickly.
   Str:       It affects your strength (+8).
   Int:       It affects your intelligence (+2).
   Slay:      It affects your accuracy & damage with ranged weapons and melee
   (+2).
   Will:      It decreases your willpower.
 c - the ring "Eceaj" (left hand) {Ice Str+3 Dex-4 Slay+5 SInv}
   (You took it off a goblin in the Dungeon)

   [ring of ice]

   It enhances your ice magic.
   Str:       It affects your strength (+3).
   Dex:       It affects your dexterity (-4).
   Slay:      It affects your accuracy & damage with ranged weapons and melee
   (+5).
   rF:        It makes you vulnerable to fire.
   rC:        It protects you from cold.
   SInv:      It lets you see invisible.
 g - the amulet of Udaikiry {Acrobat Fly rPois Will- Dex+4}
   (You took it off a vampire in the Dungeon)

   [amulet of the acrobat]

   It increases your evasion while moving and waiting.
   Dex:       It affects your dexterity (+4).
   rPois:     It protects you from poison.
   Fly:       It grants you flight.
   Will:      It decreases your willpower.
 p - a ring of protection from fire (right hand)
 r - a +3 ring of protection
 A - a ring of willpower
Wands
 n - a wand of digging (5)
Scrolls
 b - 2 scrolls of identify
 j - 2 scrolls of blinking
 l - 5 scrolls of amnesia
 m - a scroll of summoning
 C - a scroll of poison
 D - 2 scrolls of enchant armour
 E - 7 scrolls of enchant weapon
 F - a scroll of fog
Potions
 d - 2 potions of might
 e - 6 potions of curing
 f - 5 potions of heal wounds
 h - 4 potions of magic
 i - 5 potions of berserk rage
 k - a potion of invisibility
 s - 2 potions of mutation
 H - a potion of brilliance
Miscellaneous
 q - a phial of floods
 I - a tin of tremorstones (2/2)


   Skills:
 + Level 19.9 Fighting
 + Level 9.2(14.6) Axes
 + Level 19.4(20.3) Maces & Flails
 - Level 13.3 Armour
 - Level 4.8 Dodging
 - Level 2.3 Stealth
 - Level 12.7 Shields
 + Level 9.5 Spellcasting
 + Level 12.3 Earth Magic
 - Level 15.3 Invocations


You had 27 spell levels left.
You knew the following spells:

 Your Spells              Type           Power      Damage    Failure   Level
a - Lee's Rapid Deconstr  Erth           33%        3d17*     2%          5

Your spell library contained the following spells:

 Spells                   Type           Power      Damage    Failure   Level
 Kindle Blastsparks       Fire/Tloc/Air  24%        2d12      41%         3
 Fulminant Prism          Conj/Hex       6%         3d7       83%         4
 Iskenderun's Mystic Bla  Conj/Tloc      12%        2d5       83%         4


Dungeon Overview and Level Annotations

Branches:
Dungeon (1/1)

Altars:
Ashenzari
Cheibriados
Dithmenos
Elyvilon
Fedhas
Gozag
Hepliaklqana
Kikubaaqudgha
Makhleb
Nemelex Xobeh
Okawaru
Qazlal
Ru
Sif Muna
Trog
Uskayaw
Vehumet
Wu Jian
Xom
Yredelemnul
Zin
The Shining One
Jiyva
Lugonu


Innate Abilities, Weirdness & Mutations

You are immune to sickness and miasma.
Your stone body is resilient. (AC +10)
You are immune to poison.
Your large and strong wings let you fly.
You resist negative energy. (rN+)
You are resistant to electric shocks. (rElec)
You are resistant to unholy torment.
You are immune to petrification.


Message History

The orc knight is severely wounded.
The vault guard hits you from afar with a +0 glaive.
The orc knight shoots a bolt.
You block the bolt.
The orc knight no longer looks unusually strong.
The vault guard hits you but does no damage.
The orc knight hits you but does no damage.
The orc knight unwields a +0 arbalest.
The orc knight wields a +0 war axe.
You block the orc knight's attack. You block the vault guard's attack.
You block the orc knight's attack.
The orc knight roars a battlecry!
The orc knight goes into a battle-frenzy!
Items here: )) [[ †.
You are too injured to fight recklessly!
You are too injured to fight recklessly!
You are too injured to fight recklessly!
You hit the orc knight but do no damage.
The orc knight is severely wounded.
The orc knight hits you with a +0 war axe!
* * * LOW HITPOINT WARNING * * *
The vault guard hits you but does no damage.
You barely miss the orc knight.
The orc knight is severely wounded.
You block the orc knight's attack.
The vault guard hits you but does no damage.
The orc knight hits you but does no damage.
You feel much better. The orc knight closely misses you.
The vault guard hits you with a +0 glaive!
The orc knight hits you with a +0 war axe.
Unknown command.
The vault guard attacks as you move away!
The vault guard hits you but does no damage.
The orc knight unwields a +0 war axe.
The orc knight wields a +0 arbalest.
The orc knight shoots a bolt.
The bolt hits you!
* * * LOW HITPOINT WARNING * * *
The vault guard hits you but does no damage.
You block the orc knight's attack.
The orc knight shoots a bolt.
You block the bolt.
The vault guard hits you but does no damage.
The orc knight hits you with a +0 war axe!!
You die...

#############################+#
)...)...)............)........#
.....)).).).........†.........#
############''##############.†#
)'...'))#........# ..+ #..#
)#...#.)#........# ...# #†.#
##...#######..#######...####..#
...))...#).......#p........#..#
.......)).......@)o........#..#
........#.......o#.........#..#
'###'##.####..####.##+###+##..#
)))#).#.# #### #.# #..#
)))#))#.+ +.# #..# #########
### #++# ######## .......#
.#####'#


You could see a vault guard and 2 orc knights.

Vanquished Creatures
  A sphinx (D)
  A shadow dragon (D)
  A nagaraja (D)
  An orc warlord (D)
  Azrael (D)
  A deep elf annihilator (D)
  A white draconian (D)
  A lorocyproca (D)
  An eidolon (D)
  A blizzard demon (D)
  A deep elf death mage (D)
  3 vault guards (D)
  Harold (D)
  3 hydras (D)
  A rakshasa (D)
  2 catoblepae (D)
  A merfolk avatar (D)
  2 two-headed ogres (D)
  2 naga warriors (D)
  An alligator (D)
  2 hell hogs (D)
  2 deep elf knights (D)
  A fire crab (D)
  4 skeletal warriors (D)
  A flayed ghost (D)
  2 bog bodies (D)
  9 orc knights (D)
  An ugly thing (D)
  A deep elf zephyrmancer (D)
  A large abomination (D)
  A cyclops (D)
  Maurice (D)
  Joseph (D)
  A merfolk siren (D)
  A molten gargoyle (D)
  A naga mage (D)
  A gargoyle (D)
  An orange demon (D)
  A komodo dragon (D)
  An unseen horror (D)
  2 freezing wraiths (D)
  A kobold demonologist (D)
  A guardian mummy (D)
  A polar bear (D)
  A tarantella (D)
  2 hornets (D)
  3 wandering mushrooms (D)
  A snapping turtle (D)
  A culicivora (D)
  2 vampires (D)
  2 spriggans (D)
  3 ynoxinuls (D)
  A water elemental (D)
  5 yaks (D)
  A basilisk (D)
  A fire elemental (D)
  A fire bat (D)
  9 redbacks (D)
  A chaos spawn (D)
  A steam dragon (D)
  2 wargs (D)
  2 nagas (D)
  2 floating eyes (D)
  A small abomination (D)
  2 hell hounds (D)
  2 ogres (D)
  A bullfrog (D)
  3 wights (D)
  3 killer bees (D)
  A quasit (D)
  A jelly (D)
  An orc wizard (D)
  A mummy (D)
  A gnoll (D)
  An adder (D)
  A river rat (D)
  2 white imps (D)
  An adder simulacrum (D)
  4 orcs (D)
  A bat skeleton (D)
  2 endoplasms (D)
  A goblin (D)
  A quokka (D)
  A ball python (D)
  A ball python simulacrum (D)
  A frilled lizard (D)
  A giant cockroach zombie (D)
  3 kobolds (D)
  A quokka zombie (D)
146 creatures vanquished.

Vanquished Creatures (others)
  An orc warlord (D)
  A yak (D)
  A jackal skeleton (D)
3 creatures vanquished.

Grand Total: 149 creatures vanquished

Notes
Turn   | Place    | Note
-------+----------+-------------------------------------------
     0 | D        | rocky1 the Gargoyle Fighter began the quest for the Orb.
     0 | D        | Reached XP level 1. HP: 14/14 MP: 1/1
    23 | D        | Found a bloodstained altar of Trog.
    23 | D        | Found a shimmering blue altar of Sif Muna.
    23 | D        | Found a viscous altar of Jiyva.
    23 | D        | Found a hazy altar of Hepliaklqana.
    23 | D        | Found an opulent altar of Gozag.
    24 | D        | Found a glowing golden altar of the Shining One.
    24 | D        | Found a glowing silver altar of Zin.
    24 | D        | Found a basalt altar of Yredelemnul.
    24 | D        | Found a shimmering altar of Xom.
    24 | D        | Found an ornate altar of the Wu Jian Council.
    24 | D        | Found a sacrificial altar of Ru.
    24 | D        | Found a stormy altar of Qazlal.
    24 | D        | Found an iron altar of Okawaru.
    24 | D        | Found a sparkling altar of Nemelex Xobeh.
    24 | D        | Found a burning altar of Makhleb.
    24 | D        | Found a blossoming altar of Fedhas.
    24 | D        | Found a white marble altar of Elyvilon.
    24 | D        | Found a shadowy altar of Dithmenos.
    24 | D        | Found a snail-covered altar of Cheibriados.
    26 | D        | Found a radiant altar of Vehumet.
    26 | D        | Found a corrupted altar of Lugonu.
    27 | D        | Found a hide-covered altar of Uskayaw.
    27 | D        | Found an ancient bone altar of Kikubaaqudgha.
    27 | D        | Found a broken altar of Ashenzari.
    37 | D        | Became a worshipper of Cheibriados the Contemplative
    77 | D        | Reached XP level 2. HP: 13/20 MP: 2/2
   213 | D        | Reached * piety under Cheibriados
   354 | D        | Noticed a floating eye
   357 | D        | Killed a floating eye
   358 | D        | Reached skill level 1 in Dodging
   358 | D        | Reached XP level 3. HP: 27/27 MP: 3/3
   358 | D        | Reached XP level 4. HP: 32/32 MP: 4/4
   358 | D        | Reached XP level 5. HP: 36/36 MP: 5/5
   361 | D        | Reached ** piety under Cheibriados
   469 | D        | Noticed an ogre
   475 | D        | Reached *** piety under Cheibriados
   491 | D        | Reached **** piety under Cheibriados
   492 | D        | Reached skill level 5 in Maces & Flails
   497 | D        | Killed an ogre
   498 | D        | Reached XP level 6. HP: 41/44 MP: 6/6
   500 | D        | Reached ***** piety under Cheibriados
   704 | D        | Noticed a warg
   709 | D        | Killed a warg
   732 | D        | Noticed a fire bat
   742 | D        | Killed a fire bat
   743 | D        | Reached XP level 7. HP: 46/50 MP: 7/9
   757 | D        | Noticed a bog body
   761 | D        | Killed a bog body
   762 | D        | Reached skill level 5 in Invocations
   762 | D        | Reached XP level 8. HP: 56/56 MP: 9/12
   800 | D        | Reached ****** piety under Cheibriados
   904 | D        | Noticed a flayed ghost
   904 | D        | Noticed a polar bear
   918 | D        | Killed a polar bear
   919 | D        | Reached skill level 10 in Fighting
   919 | D        | Reached skill level 10 in Maces & Flails
   925 | D        | Killed a flayed ghost
   926 | D        | Reached XP level 9. HP: 63/63 MP: 12/14
  1167 | D        | Noticed a large abomination
  1188 | D        | Killed a large abomination
  1189 | D        | Reached skill level 10 in Armour
  1334 | D        | Noticed Joseph
  1334 | D        | Noticed a hornet
  1334 | D        | Noticed a gargoyle
  1340 | D        | Killed Joseph
  1346 | D        | Killed a hornet
  1347 | D        | Reached XP level 10. HP: 61/71 MP: 16/16
  1353 | D        | Killed a gargoyle
  1354 | D        | Reached skill level 10 in Shields
  1460 | D        | Noticed Harold
  1472 | D        | Killed Harold
  1504 | D        | Reached skill level 10 in Invocations
  1666 | D        | Noticed a naga mage
  1672 | D        | Noticed a naga warrior
  1674 | D        | Killed a naga mage
  1675 | D        | Reached XP level 11. HP: 50/80 MP: 7/19
  1695 | D        | Killed a naga warrior
  1696 | D        | Reached skill level 15 in Maces & Flails
  1959 | D        | Noticed a shadow dragon
  1959 | D        | Noticed a two-headed ogre
  1959 | D        | Noticed a two-headed ogre
  1960 | D        | Noticed a bog body
  1965 | D        | Killed a two-headed ogre
  1966 | D        | Reached skill level 15 in Fighting
  1980 | D        | Killed a shadow dragon
  1988 | D        | Killed a bog body
  1988 | D        | Killed a two-headed ogre
  2309 | D        | Noticed a skeletal warrior
  2309 | D        | Noticed a skeletal warrior
  2309 | D        | Noticed a skeletal warrior
  2309 | D        | Noticed a skeletal warrior
  2309 | D        | Noticed a cyclops
  2314 | D        | Killed a cyclops
  2320 | D        | Killed a skeletal warrior
  2321 | D        | Reached skill level 1 in Stealth
  2330 | D        | Killed a skeletal warrior
  2331 | D        | Killed a skeletal warrior
  2332 | D        | Reached XP level 12. HP: 41/89 MP: 6/22
  2580 | D        | Noticed a six-headed hydra
  2580 | D        | Noticed a white draconian
  2591 | D        | Killed a six-headed hydra
  2603 | D        | Killed a white draconian
  2866 | D        | Noticed an eidolon
  2866 | D        | Noticed a deep elf annihilator
  2871 | D        | Killed a deep elf annihilator
  2889 | D        | Killed an eidolon
  2890 | D        | Reached skill level 15 in Invocations
  2913 | D        | Learned a level 5 spell: Lee's Rapid Deconstruction
  3181 | D        | Reached skill level 1 in Earth Magic
  3185 | D        | Reached skill level 1 in Spellcasting
  3185 | D        | Noticed Maurice
  3205 | D        | Killed Maurice
  3212 | D        | Noticed a rakshasa
  3216 | D        | Identified the amulet of Udaikiry {Acrobat Fly rPois Will-
                  | Dex+4}
  3227 | D        | Killed a rakshasa
  3228 | D        | Reached skill level 1 in Axes
  3292 | D        | Noticed a merfolk avatar
  3294 | D        | Identified the amulet "Suoro Ocya" {Faith Will- Str+8 Int+2
                  | Slay+2}
  3294 | D        | Noticed a deep elf death mage
  3298 | D        | Killed a deep elf death mage
  3301 | D        | Killed a merfolk avatar
  3302 | D        | Reached skill level 5 in Earth Magic
  3395 | D        | Noticed a hell hog
  3405 | D        | Noticed a hell hog
  3416 | D        | Killed a hell hog
  3418 | D        | Noticed a four-headed hydra
  3423 | D        | Killed a hell hog
  3427 | D        | Killed a four-headed hydra
  3428 | D        | Reached XP level 13. HP: 27/97 MP: 24/24
  3460 | D        | Identified the ring "Eceaj" {Ice Str+3 Dex-4 Slay+5 SInv}
  3633 | D        | Noticed Azrael
  3639 | D        | Killed Azrael
  3639 | D        | Identified the +4 rapier of Zelippol {antimagic, rC+ Int+2}
  3640 | D        | Reached skill level 5 in Spellcasting
  3819 | D        | Reached skill level 5 in Axes
  3864 | D        | Noticed a nagaraja
  3873 | D        | Killed a nagaraja
  3900 | D        | Noticed a sphinx
  3907 | D        | Paralysed by a sphinx for 3 turns
  3912 | D        | Killed a sphinx
  4042 | D        | Paralysed by a floating eye for 2 turns
  4077 | D        | Noticed an orc warlord
  4077 | D        | Noticed an orc warlord
  4106 | D        | Reached skill level 10 in Earth Magic
  4107 | D        | Killed an orc warlord
  4114 | D        | Killed an orc warlord
  4119 | D        | HP: 3/100 [orc knight/+2 great mace of protection (13)]
  4448 | D        | Noticed a vault guard
  4452 | D        | Noticed a vault guard
  4452 | D        | Noticed a lorocyproca
  4459 | D        | Killed a vault guard
  4464 | D        | Killed a vault guard
  4468 | D        | Killed a lorocyproca
  4489 | D        | Gained mutation: Your large and strong wings let you fly.
                  | [Gargoyle growth]
  4489 | D        | Reached XP level 14. HP: 51/106 MP: 25/27
  4878 | D        | Slain by an orc knight

Illustrated notes

Levels and vault maps discovered:
D:        pitsprint [storerooms_1, entrance_room_1, metal_vault_7, armoury_2,
          mini_pit_1, grid_room_1, main_hall_1, silver_pit, the_coven_1,
          the_vestibule_1, steel_vault_1, golden_pit, hallway_of_sentries,
          crystal_vault_5, iron_vault_3, final_vault]

Skill      XL: |  1  2  3  4  5  6  7  8  9 10 11 12 13 14 |
---------------+-------------------------------------------+-----
Fighting       | 4 6 7 8 9 10 12 14 16 17 19 | 19.9
Armour         | 4 6 8 9 10 12 13 | 13.3
Shields        | 4 6 7 8 9 10 12 | 12.7
Maces & Flails | 4 6 7 9 11 12 14 16 17 19 | 19.4
Dodging        | 1 2 3 4 |  4.8
Invocations    | 3 5 7 8 10 13 15 | 15.3
Stealth        | 1 2 |  2.3
Earth Magic    | 6 11 12 | 12.3
Spellcasting   | 4 9 |  9.5
Axes           | 3 8 9 |  9.2

Action                   |  1- 3 |  4- 6 |  7- 9 | 10-12 | 13-15 || total
-------------------------+-------+-------+-------+-------+-------++-------
Melee: Flail             |    36 |    10 |       |       |       ||    46
       Mace              |       |    26 |    34 |       |       ||    60
       Morningstar       |       |       |    45 |   260 |   191 ||   496
       Broad axe         |       |       |       |     6 |       ||     6
Invok: Slouch            |       |       |       |    14 |     4 ||    18
  Use: Potion            |       |       |       |    13 |     3 ||    16
       Scroll            |       |       |       |     2 |       ||     2
 Stab: Sleeping          |       |       |       |     1 |     2 ||     3
       Distracted        |       |       |       |     1 |     1 ||     2
       Invisible         |       |       |       |       |     4 ||     4
Armor: Scale mail        |    28 |     5 |       |       |       ||    33
       Chain mail        |       |    20 |    16 |       |       ||    36
       Plate armour      |       |       |    33 |    72 |       ||   105
       Shadow dragon sca |       |       |       |    98 |   104 ||   202
Dodge: Dodged            |     9 |    16 |    47 |    96 |    60 ||   228
Block: Buckler           |     6 |    11 |    23 |   114 |    82 ||   236

Table legend: (Time is in decaauts)
 A = Elapsed time spent in this place.
 B = Non-inter-level travel time spent in this place.
 C = Inter-level travel time spent in this place.
 D = Time resting spent in this place.
 E = Time spent auto-exploring this place.
 F = Levels seen in this place.
 G = Mean time per level.
                   A        B        C        D        E       F      G
               +--------+--------+--------+--------+--------+-----+--------+
         Total |   5753 |   5512 |    241 |   3078 |      0 |   1 | 5753.0 |
       Dungeon |   5753 |   5512 |    241 |   3078 |      0 |   1 | 5753.0 |
               +--------+--------+--------+--------+--------+-----+--------+

Top non-repeatable levels by time:
       D: 5753 daAuts
